 Dungeon Crawl Stone Soup version 0.31-a0-1042-ga9834b393d (webtiles) character file.

Game seed: 10689597114612484184

1140 Dirtsage the Magician (level 8, -9/59 HPs)
             Began as a Djinni Fire Elementalist on Nov 19, 2023.
             Was an Initiate of Makhleb.
             Mangled by an orc warrior
             ... wielding a +1 short sword of protection
              (11 damage)
             ... on level 6 of the Dungeon.
             The game lasted 00:13:58 (5025 turns).

Dirtsage the Magician (Djinni Fire Elementalist)    Turns: 5025, Time: 00:13:58

Health: -9/59      AC:  2    Str:  7    XL:     8   Next: 63%
Gold:   241        EV: 13    Int: 18    God:    Makhleb [......] SH:  0 Dex: 21

rFire   + + .        (no weapon)
rCold   x . .        (no shield)
rNeg    . . .        a - +0 robe
rPois   ∞            (no helmet)
rElec   .            (no cloak)
rCorr   .            (no gloves)
SInv    .            (boots unavailable)
Will    .....        (no amulet)
Stlth   ++           r - +6 ring of dexterity
HPRegen 0.29/turn    W - ring of wizardry
MPRegen 0.00/turn

%: wizardry (x1), infuse magic (-10 HP)
@: flying
A: sickness immunity, fire resistance 2, cold vulnerability 1, float, innate
caster, HP casting, extra vitality 1
a: Renounce Religion


You were on level 6 of the Dungeon.
You worshipped Makhleb.
Makhleb was noncommittal.
You visited 2 branches of the dungeon, and saw 7 of its levels.

You collected 367 gold pieces.
You spent 126 gold pieces at shops.

Inventory:

Missiles
 p - 2 throwing nets
Armour
 a - a +0 robe (worn)
Jewellery
 r - a +6 ring of dexterity (left hand)
 W - a ring of wizardry (right hand)
Wands
 g - a wand of flame (7)
 n - a wand of charming (11)
Scrolls
 b - a scroll of noise
 c - 3 scrolls of revelation
 e - 3 scrolls of amnesia
 f - 2 scrolls of silence
 i - a scroll of identify
 j - a scroll of torment
 k - a scroll of fog
 m - a scroll of enchant armour
 o - a scroll of poison
 q - a scroll of brand weapon
 t - 6 scrolls of teleportation
Potions
 d - a potion of might
 h - 2 potions of haste
 l - a potion of heal wounds
 s - 2 potions of mutation {unknown}


   Skills:
 + Level 5.3 Fighting
 - Level 2.1 Dodging
 - Level 1.5 Stealth
 * Level 6.6 Spellcasting
 * Level 6.6 Conjurations
 * Level 6.6 Hexes
 * Level 6.6 Summonings
 * Level 6.6 Necromancy
 * Level 6.6 Translocations
 * Level 6.6 Transmutations
 * Level 6.6 Fire Magic
 * Level 6.6 Ice Magic
 * Level 6.6 Air Magic
 * Level 6.6 Earth Magic
 * Level 6.6 Poison Magic


You knew the following spells:

 Your Spells              Type           Power      Damage    Failure   Level
a - Foxfire               Conj/Fire      100%       2x1d9     1%          1
b - Scorch                Fire           58%        2d7       1%          2
c - Volatile Blastmotes   Fire/Tloc      58%        2d14      1%          3
d - Inner Flame           Hex/Fire       29%        N/A       1%          3
e - Flame Wave            Conj/Fire      29%        2d9       3%          4
f - Lesser Beckoning      Tloc           58%        N/A       1%          2
s - Slow                  Hex            100%       N/A       1%          1
x - Mephitic Cloud        Conj/Pois/Air  29%        N/A       1%          3
Your spell library was empty.

Dungeon Overview and Level Annotations

Branches:
Dungeon (6/15)             Temple (1/1) D:5

Altars:
Ashenzari
Cheibriados
Dithmenos
Elyvilon
Fedhas
Gozag
Hepliaklqana
Makhleb
Nemelex Xobeh
Okawaru
Qazlal
Ru
Trog
Wu Jian
Xom
Yredelemnul
Zin

Shops:
D:3 =   D:4 ?   D:5 [

Annotations:
D:5 3 runed translucent doors, gruber's ghost, novice TrSh


Innate Abilities, Weirdness & Mutations

You are immune to sickness and miasma.
You are immune to poison.
Your flesh is very heat resistant. (rF++)
You are vulnerable to cold. (rC-)
You float through the air rather than walking.
You learn spells naturally, not from books.
Your magical power is your life essence.
You have superior vitality. (+4 MHP)


Message History

(Press . to intensify the flame waves.)
The orc warrior barely misses you.
You take 3 damage, and have 28/59 hp.
A wave of flame ripples out!
The flame wave engulfs the orc warrior but does no damage.
The orc warrior is severely wounded.
The flame wave engulfs the gnoll!
The gnoll is heavily wounded.
A gnoll comes into view. It is wielding a +0 whip.
The orc warrior hits you with a +1 short sword of protection!
* * * LOW HITPOINT WARNING * * *
You take 12 damage, and have 16/59 hp.
MASSIVE DAMAGE!!
A wave of flame ripples out!
The flame wave engulfs the orc warrior but does no damage.
The orc warrior is severely wounded.
The flame wave engulfs the orc.
The orc is moderately wounded.
The flame wave engulfs the gnoll!
You kill the gnoll!
Makhleb accepts your kill.
* * * LOW HITPOINT WARNING * * *
You finish channelling waves of flame.
The orc warrior is no longer more vulnerable to fire.
The orc warrior hits you with a +1 short sword of protection!
* * * LOW HITPOINT WARNING * * *
You take 10 damage, and have 6/59 hp.
The orc warrior barely misses you.
The orc warrior attacks as it pursues you!
The orc warrior hits you with a +1 short sword of protection.
* * * LOW HITPOINT WARNING * * *
Your magical contamination has completely faded away.
You take 3 damage, and have 4/59 hp.
Casting: Flame Wave (dangerous; 3% risk of failure)
Confirm with . or Enter, or press ? or * to list all spells.
Flames lash the gnoll.
The gnoll is heavily wounded.
The gnoll's fire resistance burns away.
* * * LOW HITPOINT WARNING * * *
The orc warrior hits you with a +1 short sword of protection!
You die...

### ... ###### ......
##################
........>........#
.#######.####..#@#
.......#.#.....#o# #
.#####.#.#.##.##g#.#####
.....#.#.# #..go.......
#.##.#.#.# ####g#.#####
.....#.#.# #.#.#
..#..#...# #.# #
..#..#...# #.#
<........# ..#


You could see an orc warrior, 3 gnolls and an orc.

Vanquished Creatures
  A water moccasin (D:4)
  An ice beast (D:5)
  4 scorpions
  2 jellies (D:6)
  4 hounds
  3 orc priests
  A sleepcap (D:5)
  4 orc wizards
  Natasha (D:2)
  5 iguanas
  A gnoll (D:6)
  6 adders
  2 ufetubi (D:5)
  A worm (D:3)
  17 orcs
  7 ball pythons
  7 endoplasms
  3 giant cockroaches
  5 goblins
  6 hobgoblins
  6 jackals
  2 quokkas (D:2)
  4 bats
  A frilled lizard (D:3)
  7 kobolds
  4 rats
105 creatures vanquished.

Vanquished Creatures (others)
  161 foxfires
161 creatures vanquished.

Grand Total: 266 creatures vanquished

Notes
Turn   | Place    | Note
-------+----------+-------------------------------------------
     0 | D:1      | Dirtsage the Djinni Fire Elementalist began the quest for
                  | the Orb.
     0 | D:1      | Dirtsage set off with the following spells memorised:
                  | Foxfire, Scorch, Volatile Blastmotes, Inner Flame, Flame
                  | Wave.
     0 | D:1      | Reached XP level 1. HP: 15/15 MP: 0/0
   159 | D:1      | Reached XP level 2. HP: 20/22 MP: 0/0
   401 | D:1      | Reached skill level 1 in Fighting
   592 | D:2      | Reached XP level 3. HP: 25/27 MP: 0/0
   592 | D:2      | Learned a level 1 spell: Slow
   701 | D:2      | Noticed Natasha
   707 | D:2      | Killed Natasha
   708 | D:2      | Reached XP level 4. HP: 16/33 MP: 0/0
  1583 | D:3      | Found an ornate altar of the Wu Jian Council.
  1586 | D:3      | Found a stormy altar of Qazlal.
  1587 | D:3      | Found a white marble altar of Elyvilon.
  1588 | D:3      | Found a snail-covered altar of Cheibriados.
  1588 | D:3      | Found a blossoming altar of Fedhas.
  1588 | D:3      | Found a basalt altar of Yredelemnul.
  1589 | D:3      | Found a sparkling altar of Nemelex Xobeh.
  1602 | D:3      | Found an opulent altar of Gozag.
  1715 | D:3      | Reached XP level 5. HP: 32/38 MP: 0/0
  1715 | D:3      | Learned a level 2 spell: Lesser Beckoning
  1831 | D:3      | Found Amaceoru's Jewellery Boutique.
  2645 | D:4      | Reached XP level 6. HP: 33/45 MP: 0/0
  2731 | D:4      | Noticed a water moccasin
  3156 | D:4      | Killed a water moccasin
  3157 | D:4      | Reached skill level 5 in Spellcasting
  3157 | D:4      | Reached skill level 5 in Conjurations
  3157 | D:4      | Reached skill level 5 in Hexes
  3157 | D:4      | Reached skill level 5 in Summonings
  3157 | D:4      | Reached skill level 5 in Necromancy
  3157 | D:4      | Reached skill level 5 in Translocations
  3157 | D:4      | Reached skill level 5 in Transmutations
  3157 | D:4      | Reached skill level 5 in Fire Magic
  3157 | D:4      | Reached skill level 5 in Ice Magic
  3157 | D:4      | Reached skill level 5 in Air Magic
  3157 | D:4      | Reached skill level 5 in Earth Magic
  3157 | D:4      | Reached skill level 5 in Poison Magic
  3157 | D:4      | Reached XP level 7. HP: 47/50 MP: 0/0
  3157 | D:4      | Learned a level 3 spell: Mephitic Cloud
  3406 | D:4      | Got the Volume of Sweltering Ice
  3465 | D:4      | Found a hazy altar of Hepliaklqana.
  3724 | D:4      | Found Buahucw's Magic Scroll Boutique.
  3728 | D:4      | Bought a scroll of identify for 28 gold pieces
  3728 | D:4      | Bought a scroll of identify for 28 gold pieces
  3728 | D:4      | Bought a scroll of teleportation for 42 gold pieces
  3728 | D:4      | Bought a scroll of identify for 28 gold pieces
  3861 | D:5      | Entered Level 5 of the Dungeon
  3923 | D:5      | Identified the +7 spear of the Sky {distort, Fly rCorr
                  | Dex+4}
  3990 | D:5      | Noticed gruber's ghost (novice TrSh)
  3997 | D:5      | Reached XP level 8. HP: 53/58 MP: 0/0
  4013 | D:5      | Found a runed translucent gate.
  4013 | D:5      | Found a runed translucent gate.
  4013 | D:5      | Found a runed translucent gate.
  4174 | D:5      | Found Nacze's Armour Emporium.
  4175 | D:5      | Noticed an animated shadow dragon scales
  4175 | D:5      | Noticed an animated gold dragon scales
  4193 | D:5      | Found an iron altar of Okawaru.
  4218 | D:5      | Found a burning altar of Makhleb.
  4223 | D:5      | Became a worshipper of Makhleb the Destroyer
  4328 | D:5      | Found a staircase to the Ecumenical Temple.
  4339 | Temple   | Entered the Ecumenical Temple
  4564 | D:5      | Reached skill level 5 in Fighting
  5025 | D:6      | Mangled by an orc warrior

Illustrated notes

Levels and vault maps discovered:
D:1:      nzn_arrival_settlement, layout_basic
D:2:      layout_loops_corners, uniq_natasha
D:3:      layout_basic, mainiacjoe_overflow_paths, grunt_temple_overflow_open,
          serial_shops, shop
D:4:      layout_basic, lemuel_crystal_altar, serial_shops, shop,
          minmay_gold_behind_fungi
D:5:      layout_gridville, mainiacjoe_overflow_tiny_flanked,
          kennysheep_little_box, minmay_temple_entry_mist, serial_shops,
          nicolae_shop_mannequins, gammafunk_ghost_split
D:6:      layout_basic, minivault_11, minmay_puff
Temple:   hellmonk_temple_forest_ring

Skill      XL: |  1  2  3  4  5  6  7  8 |
---------------+-------------------------+-----
Spellcasting   | 4 5 6 |  6.6
Conjurations   | 4 5 6 |  6.6
Hexes          | 4 5 6 |  6.6
Summonings     | 4 5 6 |  6.6
Necromancy     | 4 5 6 |  6.6
Translocations | 4 5 6 |  6.6
Transmutations | 4 5 6 |  6.6
Fire Magic     | 4 5 6 |  6.6
Ice Magic      | 4 5 6 |  6.6
Air Magic      | 4 5 6 |  6.6
Earth Magic    | 4 5 6 |  6.6
Poison Magic   | 4 5 6 |  6.6
Fighting       | 1 2 3 4 5 |  5.3
Dodging        | |  2.1
Stealth        | |  1.5

Action                     |  1- 3 |  4- 6 |  7- 9 || total
---------------------------+-------+-------+-------++-------
  Melee: Unarmed           |       |     2 |     3 ||     5
   Cast: Foxfire           |    22 |    34 |    42 ||    98
         Scorch            |     6 |    34 |    43 ||    83
         Flame Wave        |       |     4 |     3 ||     7
         Mephitic Cloud    |       |       |     2 ||     2
    Use: Potion            |       |     1 |       ||     1
         Scroll            |       |       |    12 ||    12
 Armour: Robe              |     4 |    21 |    15 ||    40
  Dodge: Dodged            |     3 |    12 |    15 ||    30

Table legend: (Time is in decaauts)
 A = Elapsed time spent in this place.
 B = Non-inter-level travel time spent in this place.
 C = Inter-level travel time spent in this place.
 D = Time resting spent in this place.
 E = Time spent auto-exploring this place.
 F = Levels seen in this place.
 G = Mean time per level.
                   A        B        C        D        E       F      G
               +--------+--------+--------+--------+--------+-----+--------+
         Total |   5023 |   4843 |    180 |    124 |   3998 |   7 |  717.6 |
       Dungeon |   5021 |   4841 |    180 |    124 |   3998 |   6 |  836.8 |
        Temple |      1 |      1 |      0 |      0 |      0 |   1 |    1.0 |
               +--------+--------+--------+--------+--------+-----+--------+

Top non-repeatable levels by time:
     D:3: 1315 daAuts
     D:4: 1089 daAuts
     D:2: 931 daAuts
     D:5: 898 daAuts
     D:1: 524 daAuts
     D:6: 262 daAuts
  Temple: 1 daAuts
